 Dungeon Crawl Stone Soup version 0.30.0-19-g36f170ea60 (webtiles) character file.

Game seed: 15539956153551342135

85 croobank the Sneak (level 4, -3/36 HPs)
             Began as a Demonspawn Delver on May 26, 2023.
             Slain by a cerulean imp
             ... wielding a +1 spear
             ... summoned by Natasha
              (4 damage)
             ... on level 2 of the Dungeon.
             The game lasted 00:05:44 (3243 turns).

croobank the Sneak (Demonspawn Delver)              Turns: 3243, Time: 00:05:44

Health: -3/36      AC:  4    Str: 12    XL:     4   Next: 25%
Magic:  4/4        EV: 12    Int: 14    God:
Gold:   65         SH:  0    Dex: 14    Spells: 3/3 levels left

rFire   . . .        a - +0 short sword
rCold   . . .        (no shield)
rNeg    . . .        b - +0 leather armour
rPois   .            (no helmet)
rElec   .            (no cloak)
rCorr   .            (no gloves)
SInv    .            (no boots)
Will    .....        (no amulet)
Stlth   +++          (no ring)
HPRegen 0.26/turn    (no ring)
MPRegen 0.09/turn

%: no passive effects
@: hasted and slowed
A: rugged brown scales 1, powered by pain 2
a: no special abilities


You were on level 2 of the Dungeon.
You visited 1 branch of the dungeon, and saw 6 of its levels.

You collected 125 gold pieces.
You spent 60 gold pieces at shops.

Inventory:

Hand Weapons
 a - a +0 short sword (weapon)
Missiles
 q - 5 poisoned darts (quivered)
Armour
 b - a +0 leather armour (worn)
 h - a +0 buckler
Jewellery
 n - a ring of ice
 r - a ring of positive energy
 s - a +5 ring of evasion
Wands
 g - a wand of digging (3)
Scrolls
 c - a scroll of fog
 d - a scroll of magic mapping
 e - a scroll of fear
 i - 2 scrolls of blinking {unknown}
 j - 2 scrolls of butterflies {unknown}
 k - 5 scrolls of identify {unknown}
 m - a scroll of poison {unknown}
 t - a scroll of teleportation {unknown}
Potions
 l - 3 potions of attraction {unknown}
 o - a potion of heal wounds
 p - 3 potions of flight {unknown}


   Skills:
 + Level 3.5 Fighting
 + Level 2.4 Short Blades
 + Level 2.4 Dodging
 + Level 4.9 Stealth
 + Level 1.1 Shields


You had 3 spell levels left.
You didn't know any spells.
Your spell library contained the following spells:

 Spells                   Type           Power      Damage    Failure   Level
 Lesser Beckoning         Tloc           0%         N/A       50%         2
 Gell's Gravitas          Tloc           0%         N/A       73%         3
 Teleport Other           Tloc           0%         N/A       73%         3


Dungeon Overview and Level Annotations

Branches:
Dungeon (6/15)
 Temple: D:4-7

Altars:

Shops:
D:1 !   D:2 *

Annotations:
D:2 Natasha


Innate Abilities, Weirdness & Mutations

You are partially covered in rugged brown scales. (AC +1, +3% HP)
You sometimes gain power by taking damage.


Message History

Natasha hisses.
Natasha claws you but does no damage.
The cerulean imp hits you from afar with a +2 spear.
You hit Natasha.
Natasha is heavily wounded.
Natasha mewls in sadness.
Natasha claws you.
* * * LOW HITPOINT WARNING * * *
The cerulean imp hits you from afar with a +2 spear.
* * * LOW HITPOINT WARNING * * *
You feel much better.
Natasha wildly gestures.
You feel troubled. Natasha barely misses you.
The cerulean imp barely misses you.
Natasha casts a spell.
The cerulean imp hits you from afar with a +2 spear.
You hit Natasha.
Natasha is severely wounded.
Natasha mumbles some strange words.
The cerulean imp barely misses you. x2
You miss Natasha.
Natasha is severely wounded.
Natasha claws you!
The cerulean imp hits you from afar with a +2 spear.
The cerulean imp misses you. Natasha misses you.
You feel yourself speed up.
The cerulean imp hits you but does no damage. x2
The cerulean imp misses you. Natasha casts a spell at you.
The magic dart hits you!
* * * LOW HITPOINT WARNING * * *
The cerulean imp hits you but does no damage.
The cerulean imp barely misses you. x2
You hit Natasha.
Natasha is almost dead.
Natasha barely misses you.
The cerulean imp hits you from afar with a +2 spear.
* * * LOW HITPOINT WARNING * * *
The cerulean imp hits you from afar with a +1 spear.
You die...

#.# ##.## #.# #.# #..#
##'### #.##### #####.##
#..... #.....# ##.....#
#.....
#########.####..#####
#..... ........#....>.##
#..... #######.#####'######
#..... #.# #........#
##'### #.# #.....@..# #.#
#.# #...5h...# #.# #.#
#.....55.# #.# #.#
#........# #.# #.#
#........# #.# #.#
#........# #.### #.#
#........# #.... #.#
##.......# #####
#.####.......##############


You could see Natasha and 3 cerulean imps.

Vanquished Creatures
  Natasha (D:2)
  An adder (D:3)
  A worm (D:2)
  A dart slug (D:3)
  2 bats
  5 endoplasms
  3 hobgoblins
  8 jackals
  4 kobolds
  3 quokkas
  4 ball pythons
  4 frilled lizards
  4 goblins
  3 rats
44 creatures vanquished.

Notes
Turn   | Place    | Note
-------+----------+-------------------------------------------
     0 | D:5      | croobank the Demonspawn Delver began the quest for the Orb.
     0 | D:5      | Reached XP level 1. HP: 18/18 MP: 1/1
    12 | D:6      | Noticed a hound
    22 | D:6      | Noticed a water moccasin
    39 | D:5      | Noticed a hound
    51 | D:4      | Noticed an iguana
    59 | D:4      | Noticed an iguana
   131 | D:3      | Gained mutation: You sometimes gain a little power by
                  | taking damage. [demonic ancestry]
   131 | D:3      | Reached XP level 2. HP: 9/24 MP: 2/2
   643 | D:2      | Noticed Natasha
   831 | D:3      | Gained mutation: You sometimes gain power by taking damage.
                  | [demonic ancestry]
   831 | D:3      | Reached XP level 3. HP: 20/29 MP: 3/3
   953 | D:2      | Found Naular's General Store.
  1287 | D:1      | Found Ytwirhyts's Distillery.
  1293 | D:1      | Bought a potion of heal wounds for 60 gold pieces
  2184 | D:2      | Killed Natasha
  2185 | D:2      | Reached skill level 1 in Shields
  2185 | D:2      | Gained mutation: You are partially covered in rugged brown
                  | scales. (AC +1, +3% HP) [demonic ancestry]
  2185 | D:2      | Reached XP level 4. HP: 17/36 MP: 4/4
  3221 | D:2      | Noticed Natasha
  3243 | D:2      | HP: 1/36 [cerulean imp/+2 spear[Natasha] (6)]
  3243 | D:2      | Slain by a cerulean imp

Illustrated notes

Levels and vault maps discovered:
D:1:      mainiacjoe_arrival_reflecting_pool, layout_loops_corners,
          serial_shops, shop
D:2:      layout_basic, serial_shops, nicolae_shop_just_a_little_nook,
          minmay_crystal_room, uniq_natasha
D:3:      layout_loops_corners, grunt_ministairs_15, st_stairs_11
D:4:      layout_basic, uniq_blork_the_orc
D:5:      layout_loops_ring, nicolae_shop_i_like_small_books_too, uniq_edmund
D:6:      cheibrodos_quashed, layout_loops_ring, okawaru_trees_1, serial_shops,
          shop

Skill      XL: |  1  2  3 |
---------------+----------+-----
Short Blades   | 2 |  2.4
Dodging        | 2 |  2.4
Shields        | 1 |  1.1
Fighting       | |  3.5
Stealth        | |  4.9

Action                     |  1- 3 |  4- 6 || total
---------------------------+-------+-------++-------
  Melee: Short sword       |   169 |    24 ||   193
         Punch             |     2 |       ||     2
    Use: Potion            |       |     2 ||     2
   Stab: Sleeping          |    11 |     1 ||    12
 Armour: Leather armour    |    37 |     5 ||    42
  Dodge: Dodged            |    82 |    23 ||   105
